 Dungeon Crawl Stone Soup version 0.29.1-2-gbd0b4ee654 (webtiles) character file.

Game seed: 4491174503398648866

3146 styxcanada the Covert (level 9, -4/44 HPs)
             Began as a Spriggan Brigand on Oct 31, 2022.
             Was an Initiate of Gozag.
             Slain by Eustachio
             ... wielding a +4 rapier of venom
              (11 damage)
             ... on level 6 of the Dungeon.
             The game lasted 00:41:15 (6925 turns).

styxcanada the Covert (Spriggan Brigand)            Turns: 6925, Time: 00:41:16

Health: -4/44      AC:  5    Str:  7    XL:     9   Next: 62%
Magic:  0/18       EV: 20    Int: 18    God:    Gozag
Gold:   75         SH:  0    Dex: 21    Spells: 16/19 levels left

rFire   . . .      SeeInvis +   a - +3 dagger (vamp)
rCold   . . .      Faith    .   (no shield)
rNeg    . . .      Spirit   +   s - +0 troll leather armour
rPois   .          Reflect  .   (helmet restricted)
rElec   .          Harm     .   c - +0 cloak
rCorr   .          Rampage  .   (gloves unavailable)
Will    +....                   (boots unavailable)
Stlth   +++++.....              i - amulet of guardian spirit
HPRegen 0.94/turn               h - +6 ring of intelligence
MPRegen 0.16/turn               (no ring)

@: lethally poisoned (-4 -> -5), very slightly contaminated, studying Throwing,
invisible, very quick
A: very small, no large weapons, unfitting armour, see invisible, speed 3
a: Renounce Religion, Potion Petition, Call Merchant, Bribe Branch


You were on level 6 of the Dungeon.
You worshipped Gozag.
Gozag was noncommittal.
You visited 2 branches of the dungeon, and saw 7 of its levels.
You also visited: Sewer.

You collected 473 gold pieces.
You spent 266 gold pieces at shops.
You paid 132 gold pieces to Gozag.

Inventory:

Hand Weapons
 a - a +3 vampiric dagger (weapon)
 p - a +2 quarterstaff of draining
 v - a +0 morningstar of holy wrath
Missiles
 k - a curare-tipped dart
 m - a throwing net
 o - 40 stones (quivered)
 D - 10 poisoned darts
Armour
 b - a +1 robe
 c - a +0 cloak (worn)
 f - an orb of energy
 s - a +0 troll leather armour (worn)
 C - a +1 robe of willpower
Jewellery
 h - a +6 ring of intelligence (left hand)
 i - an amulet of guardian spirit (around neck)
 q - a ring of fire
Wands
 d - a wand of flame (14)
 j - a wand of light (2)
Scrolls
 e - 3 scrolls of immolation
 g - a scroll of fog
 n - a scroll of silence
 w - 7 scrolls of identify
 y - 3 scrolls of teleportation
 E - a scroll of poison
Potions
 l - 2 potions of haste
 r - 8 potions of curing
 u - 2 potions of mutation
 x - a potion of might
 B - a potion of berserk rage
Miscellaneous
 t - a piece from Xom's chessboard (15/15)


   Skills:
 + Level 3.5 Fighting
 + Level 5.3 Short Blades
 * Level 7.1 Throwing
 * Level 1.0 Armour
 * Level 6.2 Dodging
 * Level 12.3 Stealth
 * Level 5.5 Spellcasting
 * Level 4.2 Hexes
 * Level 3.2 Evocations


You had 16 spell levels left.
You knew the following spells:

 Your Spells              Type           Power      Damage    Failure   Level
a - Confusing Touch       Hex            20%        N/A       10%         3

Your spell library contained the following spells:

 Spells                   Type           Power      Damage    Failure   Level
 Slow                     Hex            80%        N/A       3%          1
 Tukima's Dance           Hex            20%        N/A       10%         3
 Portal Projectile        Hex/Tloc       24%        N/A       22%         3
 Vampiric Draining        Necr           4%         2d6       50%         3
 Blade Hands              Tmut           2%         N/A       99%         5


Dungeon Overview and Level Annotations

Branches:
Dungeon (6/15)             Temple (1/1) D:6           Sewer (visited)

Altars:
Ashenzari
Cheibriados
Fedhas
Gozag
Hepliaklqana
Kikubaaqudgha
Nemelex Xobeh
Okawaru
Qazlal
Ru
Sif Muna
Trog
Vehumet
Wu Jian
Yredelemnul

Shops:
D:1 [??   D:6 [

Annotations:
D:6 Eustachio
Temple 2 transporters


Innate Abilities, Weirdness & Mutations

You are very small and have problems with some larger weapons.
You are too small for most types of armour.
You have supernaturally acute eyesight. (SInv)
You cover ground extremely quickly. (Speed+++)


Message History

Casting: Confusing Touch (dangerous; 10% risk of failure)
Confirm with . or Enter, or press ? or * to list all spells.
You miscast Confusing Touch.
You are very lightly contaminated with residual magic.
Nothing appears to happen.
You feel sick.
You are no longer poisoned.
Eustachio hits you with a +4 rapier of venom!
* * * LOW HITPOINT WARNING * * *
You are lethally poisoned!
The centaur misses Eustachio.
The centaur closely misses Eustachio.
You feel much better.
You feel very sick.
The centaur barely misses Eustachio.
The centaur closely misses Eustachio.
The centaur hits itself.
The centaur kicks itself.
Eustachio says, "My allies will avenge me."
Eustachio gestures wildly while chanting.
You fade into invisibility!
You feel very sick.
Eustachio casts a spell.
Eustachio blinks!
You feel very sick.
You miss Eustachio.
You feel sick.
Eustachio casts a spell.
Eustachio blinks!
You feel sick.
You hit the rat.
You kill the rat!
The rat's corpse disappears in a puff of smoke!
You feel sick.
You feel sick.
You feel sick.
You hit Eustachio.
Eustachio is lightly wounded.
You feel sick.
You closely miss Eustachio.
Eustachio is lightly wounded.
You feel sick.
Eustachio hits you with a +4 rapier of venom!
You die...
Your body crumbles into a pile of gold.

#....... #.###### ##
### #.# #.. ..# #.#
#### #.# #.# #.# #...
#.# #.#####.###.## #.#
#.##........##
#?########.##.##.######
#.c!.r@@.........######
#..#######............<
#..# #..#.#########
#ยง.# #..#.#######
#..#######...........##
#@.>..........######...
##.## ####....# ####
#.# #.#..# #.#
#.#).####


You could see Eustachio (strong, unable to see you), a centaur (confused, unable
to see you) and a rat (summoned, unable to see you).

Vanquished Creatures
  Pikel (D:5)
  2 trolls
  Sigmund (D:2)
  A steam dragon (D:6)
  The ghost of Anandil the Vexing, an amateur DsAM (D:3)
  Edmund (D:4)
  2 ice beasts
  2 black bears (D:6)
  A centaur (D:6)
  An ogre (D:6)
  A phantom (D:4)
  A kobold brigand (D:6)
  The ghost of MisterAzrael the Conjurer, an amateur DECj (D:3)
  Blork the orc (D:5)
  A scorpion (D:5)
  The ghost of whiskeysaurus the Trooper, a weakling MiFi (D:3)
  The ghost of deadpool521 the Trooper, a weakling DrAK of Lugonu (D:3)
  3 hounds
  2 jellies
  An orc priest (D:4)
  Terence (D:2)
  4 iguanas
  5 orc wizards
  A hell rat (Sewer)
  Ijyb (D:3)
  Robin (D:4)
  7 adders
  7 gnolls (D:2)
  A river rat (Sewer)
  A white imp (D:5)
  An ufetubus (D:4)
  2 worms
  5 dart slugs
  The ghost of deadpool521 the Firebug, a weakling DsFE (D:3)
  20 orcs
  6 bats
  6 endoplasms
  3 giant cockroaches
  16 goblins
  13 hobgoblins
  4 jackals (D:4)
  A quokka (D:1)
  13 ball pythons
  3 frilled lizards
  12 kobolds
  18 rats
179 creatures vanquished.

Vanquished Creatures (others)
  4 toadstools (D:4)
4 creatures vanquished.

Grand Total: 183 creatures vanquished

Notes
Turn   | Place    | Note
-------+----------+-------------------------------------------
     0 | D:1      | styxcanada the Spriggan Brigand began the quest for the
                  | Orb.
     0 | D:1      | Reached XP level 1. HP: 10/10 MP: 2/2
    24 | D:1      | Reached skill level 6 in Stealth
    80 | D:1      | Found Bibecluoq's Armour Emporium.
   114 | D:1      | Found Kamodgh's Magic Scroll Emporium.
   140 | D:1      | Reached XP level 2. HP: 14/14 MP: 3/3
   389 | D:1      | Found Jostranie's Magic Scroll Shop.
   775 | D:2      | Found a faded altar of an unknown god.
   798 | D:2      | Reached skill level 7 in Stealth
   811 | D:2      | Found an ornate altar of the Wu Jian Council.
   857 | D:2      | Reached XP level 3. HP: 15/18 MP: 4/4
   938 | D:2      | Reached XP level 4. HP: 15/23 MP: 3/5
  1326 | D:2      | Noticed Sigmund
  1364 | D:2      | Killed Sigmund
  1365 | D:2      | Reached skill level 8 in Stealth
  1365 | D:2      | Reached skill level 1 in Spellcasting
  1365 | D:2      | Reached skill level 1 in Evocations
  1365 | D:2      | Reached XP level 5. HP: 24/26 MP: 5/7
  1386 | D:2      | Reached XP level 6. HP: 30/30 MP: 6/8
  1419 | D:2      | Noticed Terence
  1450 | D:2      | Killed Terence
  1885 | D:1      | Bought a scroll of identify for 26 gold pieces
  1885 | D:1      | Bought a scroll of noise for 13 gold pieces
  1998 | D:3      | Found a runed translucent gate.
  2000 | D:3      | Found a runed translucent gate.
  2000 | D:3      | Found a runed translucent gate.
  2000 | D:3      | Noticed deadpool521's ghost (weakling DsFE)
  2001 | D:3      | Noticed MisterAzrael's ghost (amateur DECj)
  2002 | D:3      | Noticed deadpool521's ghost (weakling DrAK)
  2002 | D:3      | Noticed Anandil's ghost (amateur DsAM)
  2003 | D:3      | Noticed whiskeysaurus's ghost (weakling MiFi)
  2050 | D:3      | Noticed Ijyb
  2058 | D:3      | Killed Ijyb
  2354 | D:3      | Noticed an ice beast
  2361 | D:3      | Killed an ice beast
  2431 | D:3      | Learned a level 3 spell: Confusing Touch
  2440 | D:3      | Found a sparkling altar of Nemelex Xobeh.
  2749 | D:3      | Killed whiskeysaurus's ghost
  2752 | D:3      | Killed Anandil's ghost
  2753 | D:3      | Reached skill level 9 in Stealth
  2753 | D:3      | Reached XP level 7. HP: 25/35 MP: 7/11
  2755 | D:3      | Killed deadpool521's ghost
  2757 | D:3      | Killed MisterAzrael's ghost
  2758 | D:3      | Reached skill level 1 in Hexes
  2776 | D:3      | Killed deadpool521's ghost
  3037 | D:4      | Reached skill level 10 in Stealth
  3756 | D:4      | Noticed Edmund
  3833 | D:4      | Reached XP level 8. HP: 17/39 MP: 7/13
  4062 | D:4      | Noticed Robin
  4091 | D:4      | Killed Robin
  4144 | D:4      | Killed Edmund
  4145 | D:4      | Reached skill level 5 in Dodging
  4402 | D:4      | Found a bloodstained altar of Trog.
  4546 | D:4      | Found a hazy altar of Hepliaklqana.
  4582 | D:4      | Found a snail-covered altar of Cheibriados.
  4706 | D:5      | Entered Level 5 of the Dungeon
  4725 | D:5      | Found a glowing drain.
  4756 | Sewer    | Entered a sewer
  5118 | D:5      | Noticed a troll
  5120 | D:5      | Noticed Blork the orc
  5158 | D:5      | Killed a troll
  5159 | D:5      | Reached skill level 11 in Stealth
  5184 | D:5      | Killed Blork the orc
  5417 | D:5      | Noticed Pikel
  5440 | D:5      | Killed Pikel
  5441 | D:5      | Reached skill level 5 in Throwing
  5441 | D:5      | Reached XP level 9. HP: 44/44 MP: 11/16
  5837 | D:6      | Reached skill level 5 in Spellcasting
  5932 | D:6      | Noticed a troll
  5951 | D:6      | Killed a troll
  5952 | D:6      | Reached skill level 5 in Short Blades
  5952 | D:6      | Reached skill level 12 in Stealth
  6117 | D:6      | Found a staircase to the Ecumenical Temple.
  6123 | Temple   | Entered the Ecumenical Temple
  6123 | Temple   | Found a transporter.
  6123 | Temple   | Found a transporter.
  6125 | Temple   | Found a transporter.
  6125 | Temple   | Found a transporter.
  6136 | Temple   | Became a worshipper of Gozag Ym Sagoz the Greedy
  6289 | D:6      | Found Xivugal's Armour Shoppe.
  6459 | D:1      | Bought a scroll of identify for 26 gold pieces
  6459 | D:1      | Bought a scroll of poison for 52 gold pieces
  6459 | D:1      | Bought a scroll of identify for 26 gold pieces
  6459 | D:1      | Bought a scroll of brand weapon for 123 gold pieces
  6655 | D:6      | Reached skill level 1 in Armour
  6898 | D:6      | Noticed Eustachio
  6925 | D:6      | Slain by Eustachio

Illustrated notes

Levels and vault maps discovered:
D:1:      roderic_dead_forest, layout_loops_cross, serial_shops,
          nicolae_square_shop, shop, shop
D:2:      minmay_angry_zag, layout_rooms, nicolae_ecumenical_pavilion,
          basic_altar, uniq_sigmund, uniq_terence
D:3:      layout_loops_ring, nemelex_dance_club_becter,
          gammafunk_ghost_cemetery, minmay_checkerbox, uniq_ijyb
D:4:      layout_gridville, mainiacjoe_overflow_two_lobes,
          mainiacjoe_overflow_concentric_impassable, minmay_gold_behind_fungi,
          grunt_ministairs_15, minmay_misc_feat_diagonals, uniq_edmund,
          uniq_robin
D:5:      layout_rooms, portal_sewer_entry_a, uniq_blork_the_orc, uniq_pikel
D:6:      layout_loops_ring, minmay_temple_entry_hall, serial_shops, shop,
          uniq_eustachio
Temple:   hellmonk_temple_divided_pantheon

Skill      XL: |  1  2  3  4  5  6  7  8  9 |
---------------+----------------------------+-----
Stealth        | 6 7 8 9 10 11 12 | 12.3
Dodging        | 2 3 4 5 6 |  6.2
Fighting       | 2 3 |  3.5
Short Blades   | 3 4 5 |  5.3
Spellcasting   | 1 2 3 4 5 |  5.5
Evocations     | 1 2 3 |  3.2
Throwing       | 3 5 7 |  7.1
Hexes          | 2 3 4 |  4.2
Armour         | 1 |  1.0

Action                   |  1- 3 |  4- 6 |  7- 9 || total
-------------------------+-------+-------+-------++-------
Melee: Dagger            |    60 |   102 |   388 ||   550
       Punch             |       |     1 |     9 ||    10
Throw: Dart              |    16 |    29 |    42 ||    87
       Stone             |       |     5 |     4 ||     9
       Throwing net      |       |     1 |     1 ||     2
       Boomerang         |       |       |    12 ||    12
 Cast: Confusing Touch   |       |       |     4 ||     4
Evoke: Wand              |       |     4 |    11 ||    15
       Piece from Xom's  |       |       |     1 ||     1
  Use: Potion            |     2 |       |     3 ||     5
       Scroll            |       |     9 |     8 ||    17
 Stab: Sleeping          |    13 |     9 |    18 ||    40
       Held in net/web   |       |     1 |     2 ||     3
       Invisible         |       |     2 |     9 ||    11
       Distracted        |       |     2 |     1 ||     3
       Confused          |       |       |     3 ||     3
Armor: Robe              |    10 |     5 |    17 ||    32
       Troll leather arm |       |       |    16 ||    16
Dodge: Dodged            |    53 |    56 |   267 ||   376
